[Event "Titled Tuesday Blitz November 15 Late 2022"]
[White "Rodriguez Santiago, Jaime"]
[Black "Marcolino, Daniel Mattos"]
[WhiteFideId "3100898"]
[BlackFideId "2106841"]
[WhiteElo "2025"]
[BlackElo "2085"]
[Result "0-1"]
[Round "08"]
[TimeControl "180+1"]
[Date "2022.11.16"]
[WhiteClock "0:00:35"]
[BlackClock "0:00:10"]

1. c4 e6 2. e4 d5 3. exd5 exd5 4. cxd5 Nf6 5. Nc3 Nxd5 6. Bc4 Nf6 7. Nge2 Bd6 8. h3 c6 9. d4 Bf5 10. Bg5 Nbd7 11. O-O Qb6 12. b3 O-O 13. Kh1 h6 14. Bf4 Qc7 15. Bxd6 Qxd6 16. Ng3 Bg6 17. f4 Nb6 18. Qd2 Rad8 19. Rad1 Nxc4 20. bxc4 Qb4 21. f5 Bh7 22. Qd3 Rfe8 23. Rb1 Qd6 24. Nge4 Nxe4 25. Nxe4 Qxd4 26. Qxd4 Rxd4 27. Nc5 b6 28. Nb3 Rxc4 29. Rbd1 Rce4 30. Rd7 R4e7 31. Rd6 c5 32. a4 Re5 33. a5 Rxf5 34. Rfd1 c4 35. Nd4 Rxa5 36. Nc6 Ra2 37. Rd8 Re2 38. Nxa7 Bd3 39. Rxe8+ Rxe8 40. Nb5 Rc8 41. Nc3 Rc5 42. Ra1 b5 43. Ra5 Kf8 44. Rxb5 Rxb5 45. Nxb5 Ke7 46. Nc3 Kd6 47. Kg1 Ke5 48. Kf2 Kd4 49. Nd1 c3 50. Ne3 c2 51. Nxc2+ Bxc2 52. Kg3 Ke4 53. Kh4 Kf5 54. g4+ Kg6 55. Kg3 Kg5 56. h4+ Kg6 57. h5+ Kg5 58. Kf3 Bd1+ 59. Ke3 Bxg4 60. Kf2 Bxh5 61. Kg3 Bg6 62. Kh2 f5 63. Kh1 f4 64. Kh2 Kg4 65. Kh1 Kg3 66. Kg1 f3 67. Kh1 Be4 68. Kg1 f2+ 69. Kf1 Bg2+ 0-1


[Site "https://www.chess.com"]

[Event "Titled Tuesday Blitz November 15 Late 2022"]
[White "Sanchez, Robert"]
[Black "Joubert, Dantelle"]
[WhiteFideId "2034360"]
[BlackFideId "14310813"]
[WhiteElo "2320"]
[BlackElo "1507"]
[Result "0-1"]
[Round "08"]
[TimeControl "180+1"]
[Date "2022.11.16"]
[WhiteClock "0:00:03"]
[BlackClock "0:00:06"]

1. e4 e5 2. Nf3 Nc6 3. Bb5 Nf6 4. d3 Bc5 5. Nc3 h6 6. h3 O-O 7. a3 d5 8. exd5 Nxd5 9. Ne4 Bb6 10. Bxc6 bxc6 11. O-O f5 12. Ned2 Qf6 13. Nc4 e4 14. Nxb6 cxb6 15. Nh2 exd3 16. Qxd3 Bb7 17. c4 Ba6 18. Qc2 Ne7 19. Rb1 Ng6 20. Nf3 Rad8 21. b3 Rfe8 22. Bb2 Qf7 23. Nd4 Re4 24. Nxc6 Rde8 25. Rbd1 Nf4 26. Nb4 Qg6 27. g3 Bb7 28. Nd5 Nxh3+ 29. Kh2 Ng5 30. Qc3 Qh5+ 31. Kg2 Qh3+ 32. Kg1 Ne6 33. Rde1 Rf8 34. Rxe4 fxe4 35. Nc7 Rf7 36. Nxe6 Qxe6 37. Qe3 Qh3 38. Re1 Rf3 39. Qd4 Rf7 40. Qe3 Kh7 41. Be5 Rf3 42. Qd4 e3 43. Qd3+ Rf5 44. Qf1 Qh1# 0-1


[Site "https://www.chess.com"]

[Event "Titled Tuesday Blitz November 15 Late 2022"]
[White "Santos Flores, Alberto"]
[Black "Shuvalova, Polina"]
[WhiteFideId "3601234"]
[BlackFideId "24171760"]
[WhiteElo "2235"]
[BlackElo "2342"]
[Result "1/2-1/2"]
[Round "08"]
[TimeControl "180+1"]
[Date "2022.11.16"]
[WhiteClock "0:00:09"]
[BlackClock "0:00:04"]

1. d4 Nf6 2. Nf3 d5 3. c4 e6 4. Nc3 c5 5. e3 Nc6 6. a3 a6 7. dxc5 Bxc5 8. b4 Be7 9. cxd5 exd5 10. Bb2 O-O 11. Bd3 Be6 12. Ne2 Rc8 13. O-O Ne4 14. Nf4 Bf6 15. Bxf6 Qxf6 16. Nxe6 fxe6 17. Bxe4 dxe4 18. Nd2 Qg6 19. Rc1 Rcd8 20. Qc2 Rd3 21. Nb3 Rd5 22. Nc5 Rg5 23. Qxe4 Ne5 24. Qxg6 Rxg6 25. Nxb7 Nf3+ 26. Kh1 Nd2 27. Nc5 Nxf1 28. Rxf1 e5 29. f3 Rd6 30. Rc1 Rfd8 31. h4 Rd1+ 32. Rxd1 Rxd1+ 33. Kh2 Ra1 34. Nxa6 Rxa3 35. Nc5 Rxe3 36. b5 Re2 37. b6 Rb2 38. Nd7 Rb5 39. Kg3 Kf7 40. b7 Rxb7 41. Nxe5+ Ke6 42. Ng4 h5 43. Nf2 Kf5 44. Nh3 Rb3 45. Ng5 Rb2 46. Nh3 Ra2 47. Nf4 g6 48. Nh3 Ra4 49. Ng5 Rb4 50. Nh3 Ke5 51. Ng5 Kd4 52. Ne4 Ke3 53. Ng5 Ra4 54. Nh3 Rb4 55. Ng5 Ke2 56. Nh3 Ke3 57. Ng5 1/2-1/2


[Site "https://www.chess.com"]

[Event "Titled Tuesday Blitz November 15 Late 2022"]
[White "Sarana, Alexey"]
[Black "Pichot, Alan"]
[WhiteFideId "24133795"]
[BlackFideId "110973"]
[WhiteElo "2708"]
[BlackElo "2560"]
[Result "1-0"]
[Round "08"]
[TimeControl "180+1"]
[Date "2022.11.15"]
[WhiteClock "0:01:13"]
[BlackClock "0:01:29"]

1. c4 Nf6 2. Nc3 e6 3. e4 d5 4. cxd5 exd5 5. e5 Ne4 6. Nf3 Be7 7. d4 c5 8. Bd3 Nxc3 9. bxc3 Nc6 10. O-O Qa5 11. c4 cxd4 12. Qb3 dxc4 13. Bxc4 O-O 14. Bf4 Qb6 15. Qd3 Na5 16. Bd5 Qg6 17. Be4 Qh5 18. Nxd4 Rd8 19. Qc3 Nc6 20. Nxc6 bxc6 21. Bxc6 Rb8 22. e6 Bf6 23. e7 Bb7 24. exd8=Q+ Rxd8 25. Qf3 Qxf3 26. Bxf3 Bxf3 27. gxf3 1-0


[Site "https://www.chess.com"]

[Event "Titled Tuesday Blitz November 15 Late 2022"]
[White "Sargsyan, Anna M."]
[Black "Rangel, Daniel"]
[WhiteFideId "13308130"]
[BlackFideId "2124475"]
[WhiteElo "2284"]
[BlackElo "2225"]
[Result "1-0"]
[Round "08"]
[TimeControl "180+1"]
[Date "2022.11.16"]
[WhiteClock "0:01:31"]
[BlackClock "0:00:04"]

1. d4 Nf6 2. c4 e6 3. Nf3 d5 4. Nc3 c6 5. e3 Nbd7 6. Bd3 dxc4 7. Bxc4 b5 8. Bd3 Bd6 9. Qc2 O-O 10. Ne4 Qc7 11. Nxd6 Qxd6 12. O-O Bb7 13. e4 e5 14. dxe5 Nxe5 15. Nxe5 Qxe5 16. h3 Rad8 17. Be3 Rfe8 18. Bxa7 Nxe4 19. Rfe1 c5 20. Bxb5 Re6 21. Bd3 Qd4 22. Rad1 Nxf2 23. Bxh7+ Kh8 24. Rxd4 Nxh3+ 25. gxh3 Rxe1+ 26. Kf2 Rxd4 27. Kxe1 Rc4 28. Qxc4 1-0


[Site "https://www.chess.com"]

[Event "Titled Tuesday Blitz November 15 Late 2022"]
[White "Sariego Figueredo, Wilfredo"]
[Black "Bazzano, Sebastian"]
[WhiteFideId "3500080"]
[BlackFideId "104566"]
[WhiteElo "2309"]
[BlackElo "2260"]
[Result "1-0"]
[Round "08"]
[TimeControl "180+1"]
[Date "2022.11.16"]
[WhiteClock "0:01:25"]
[BlackClock "0:00:01"]

1. d4 Nf6 2. Bf4 d5 3. e3 e6 4. Bd3 Bd6 5. Bg3 O-O 6. Nf3 c5 7. c3 Nc6 8. Ne5 Qc7 9. f4 b6 10. O-O Bb7 11. Nd2 Ne7 12. Bh4 Ne4 13. Bxe7 Qxe7 14. Bxe4 dxe4 15. Ndc4 Ba6 16. b3 Bxe5 17. fxe5 Bxc4 18. bxc4 f5 19. exf6 Rxf6 20. Qg4 Raf8 21. Qxe4 cxd4 22. cxd4 Qf7 23. Qd3 Qh5 24. Rxf6 Rxf6 25. Rd1 Qh4 26. Qd2 Rh6 27. g3 Qg4 28. d5 Rf6 29. d6 Rf8 30. d7 Rd8 31. Qd4 Qf3 32. Rd3 h6 33. e4 1-0


[Site "https://www.chess.com"]

[Event "Titled Tuesday Blitz November 15 Late 2022"]
[White "Sattarov, Bobir"]
[Black "Shimanov, Aleksandr"]
[WhiteFideId "14203081"]
[BlackFideId "4198603"]
[WhiteElo "2354"]
[BlackElo "2605"]
[Result "1/2-1/2"]
[Round "08"]
[TimeControl "180+1"]
[Date "2022.11.15"]
[WhiteClock "0:00:04"]
[BlackClock "0:00:03"]

1. e4 d5 2. exd5 Qxd5 3. Nc3 Qe5+ 4. Nge2 Nf6 5. d4 Qa5 6. h3 h5 7. g3 Bf5 8. Bg2 c6 9. a3 e6 10. Bf4 Nbd7 11. b4 Qd8 12. O-O Be7 13. Re1 Nd5 14. Qd2 N7b6 15. Nxd5 cxd5 16. c3 Nc4 17. Qc1 a5 18. Kh2 Rc8 19. Ng1 g5 20. Be3 g4 21. Bf4 h4 22. Ra2 a4 23. Rae2 Bf6 24. Be5 Bxe5 25. dxe5 Kd7 26. Qd1 Kc7 27. Qxa4 gxh3 28. Bh1 hxg3+ 29. fxg3 Qg5 30. Nf3 Qg4 31. Qb5 Rcg8 32. Rg1 Kb8 33. Qc5 Be4 34. Rf2 Rc8 35. Qd4 Rhg8 36. Nh4 Rc7 37. a4 Rgc8 38. a5 Qg7 39. Rf6 Bxh1 40. Kxh1 Rc6 41. Kh2 Na3 42. Rgf1 R8c7 43. R1f3 Nb5 44. Qf4 Nxc3 45. Rxf7 Rxf7 46. Qxf7 Qxe5 47. Qg8+ Ka7 48. Rf8 Ka6 49. Nf3 Qe2+ 50. Kxh3 Qe4 51. Rf4 Qe3 52. Qa8+ Kb5 53. Nd4+ Ka4 54. Nxc6 Ne2 55. Rg4 Qf3 56. Kh4 Qf6+ 57. Rg5 Ng1 58. Ne5 Qe7 59. Qb8 Qh7+ 60. Kg4 Qe4+ 61. Kh5 Qh7+ 62. Kg4 Qe4+ 63. Kh5 Qh7+ 64. Kg4 1/2-1/2


[Site "https://www.chess.com"]

[Event "Titled Tuesday Blitz November 15 Late 2022"]
[White "Saveliev, Alexei"]
[Black "Timmermans, Mark"]
[WhiteFideId "24128546"]
[BlackFideId "1026399"]
[WhiteElo "2559"]
[BlackElo "2679"]
[Result "0-1"]
[Round "08"]
[TimeControl "180+1"]
[Date "2022.11.16"]
[WhiteClock "0:00:02"]
[BlackClock "0:00:36"]

1. c4 Nf6 2. Nc3 e5 3. Nf3 e4 4. Ng5 b5 5. Ngxe4 Nxe4 6. Nxe4 bxc4 7. d4 d5 8. Nc3 Be7 9. e4 c6 10. Be2 O-O 11. O-O Be6 12. e5 f5 13. b3 cxb3 14. Qxb3 Nd7 15. Ba3 c5 16. dxc5 Nxc5 17. Bxc5 Bxc5 18. Rad1 Rb8 19. Qa4 d4 20. Nb5 Qd7 21. Qa5 Rfd8 22. Nd6 Bxd6 23. exd6 Qxd6 24. Qxa7 Ra8 25. Qb7 Rxa2 26. Bd3 Bd5 27. Qb1 Qg6 28. g3 Qg4 29. Qb6 Rda8 30. Bc4 Bxc4 31. Rxd4 Qe2 32. Rd8+ Rxd8 33. Qxd8+ Kf7 34. Qd7+ Kg6 35. Qc6+ Kh5 36. g4+ Qxg4+ 37. Kh1 Bxf1 0-1


[Site "https://www.chess.com"]

[Event "Titled Tuesday Blitz November 15 Late 2022"]
[White "Silva Lucena, Cristian"]
[Black "Tomiello, Lucas Costamilan"]
[WhiteFideId "2232588"]
[BlackFideId "22701940"]
[WhiteElo "2223"]
[BlackElo "2085"]
[Result "1-0"]
[Round "08"]
[TimeControl "180+1"]
[Date "2022.11.16"]
[WhiteClock "0:00:41"]
[BlackClock "0:00:10"]

1. e4 c5 2. Ne2 d6 3. d4 cxd4 4. Nxd4 Nf6 5. Nc3 a6 6. Bg5 Nbd7 7. f4 Qa5 8. Bc4 Nxe4 9. O-O Nxc3 10. bxc3 Qxc3 11. Bb3 Nc5 12. Re1 Bd7 13. f5 O-O-O 14. Bxf7 Kb8 15. Re3 Qa5 16. Rb1 Ka7 17. Bd5 Ba4 18. Ne6 Rd7 19. Qd4 Bxc2 20. Rf1 Qb6 21. Rc3 Ba4 22. Be3 Bb5 23. Rfc1 Kb8 24. Nxc5 dxc5 25. Rxc5 Bc6 26. Rxc6 1-0


[Site "https://www.chess.com"]

[Event "Titled Tuesday Blitz November 15 Late 2022"]
[White "Sivakumar, Shaashwath"]
[Black "Sreyas Payyappat"]
[WhiteFideId "30912156"]
[BlackFideId "46674969"]
[WhiteElo "2137"]
[BlackElo "2083"]
[Result "1-0"]
[Round "08"]
[TimeControl "180+1"]
[Date "2022.11.16"]
[WhiteClock "0:00:02"]
[BlackClock "0:00:01"]

1. d4 Nf6 2. Bf4 c5 3. d5 e6 4. Nc3 exd5 5. Nxd5 Nxd5 6. Qxd5 Nc6 7. c3 d6 8. Nf3 Be6 9. Qd2 Be7 10. e4 O-O 11. Be2 Re8 12. O-O d5 13. exd5 Bxd5 14. Rfd1 Bf8 15. Qc2 Qe7 16. Ng5 g6 17. Bg4 Rad8 18. c4 Nd4 19. Qc3 h5 20. Re1 Qf6 21. cxd5 hxg4 22. Be3 Bh6 23. h4 gxh3 24. Nxh3 Bg7 25. Rad1 Qf5 26. Qc4 1-0


[Site "https://www.chess.com"]

[Event "Titled Tuesday Blitz November 15 Late 2022"]
[White "Sokolovsky, Yahli"]
[Black "Rasulov, Vugar"]
[WhiteFideId "2820242"]
[BlackFideId "13402390"]
[WhiteElo "2316"]
[BlackElo "2509"]
[Result "0-1"]
[Round "08"]
[TimeControl "180+1"]
[Date "2022.11.15"]
[WhiteClock "0:00:35"]
[BlackClock "0:02:10"]

1. b3 a5 2. Bb2 a4 3. b4 Nf6 4. e3 g6 5. a3 Bg7 6. c4 O-O 7. Nf3 d5 8. Nc3 c6 9. Be2 dxc4 10. Bxc4 Bg4 11. d4 Nbd7 12. Ba2 e5 13. dxe5 Bxf3 14. gxf3 Nxe5 15. Ke2 Qc8 16. h3 Qf5 17. f4 Rfd8 18. Qb1 Qh5+ 19. Kf1 Nd3 20. Nd1 Qf3 21. Rh2 Ne4 22. Qc2 Nxb2 23. Nxb2 Rd2 24. Bxf7+ Kh8 0-1


[Site "https://www.chess.com"]

[Event "Titled Tuesday Blitz November 15 Late 2022"]
[White "Sonnenschein, Philipp"]
[Black "Fernandez Hernandez, Gerardo"]
[WhiteFideId "16250877"]
[BlackFideId "2207400"]
[WhiteElo "2225"]
[BlackElo "2234"]
[Result "0-1"]
[Round "08"]
[TimeControl "180+1"]
[Date "2022.11.16"]
[WhiteClock "0:00:26"]
[BlackClock "0:00:09"]

1. e4 e6 2. d4 d5 3. Nd2 Nc6 4. Ngf3 Nf6 5. e5 Nd7 6. Be2 f6 7. exf6 Qxf6 8. Nf1 Bd6 9. Ne3 O-O 10. O-O Nb6 11. c4 dxc4 12. Nxc4 Nxc4 13. Bxc4 Bd7 14. Re1 Kh8 15. Bg5 Qf7 16. Bh4 h6 17. Qd3 Rae8 18. Bb3 Qf5 19. Qd2 Bb4 20. Qe2 Bxe1 21. Rxe1 Qg4 22. h3 Qh5 23. g4 Qf7 24. Kg2 a6 25. Bc2 g5 26. Bg3 Kg8 27. Qe4 Qxf3+ 28. Qxf3 Rxf3 29. Kxf3 Nxd4+ 30. Ke4 Nxc2 31. Rc1 Bc6+ 32. Ke5 Nb4 33. Rd1 Nd5 34. h4 Kf7 35. hxg5 hxg5 36. Rh1 Rg8 37. Rh7+ Rg7 38. Rh8 Ne7 39. f4 Ng6+ 40. Kd4 Nxh8 0-1


[Site "https://www.chess.com"]

[Event "Titled Tuesday Blitz November 15 Late 2022"]
[White "Storey, Charles H"]
[Black "Artemenko, Oleg"]
[WhiteFideId "406686"]
[BlackFideId "14201798"]
[WhiteElo "2492"]
[BlackElo "2761"]
[Result "0-1"]
[Round "08"]
[TimeControl "180+1"]
[Date "2022.11.16"]
[WhiteClock "0:00:03"]
[BlackClock "0:01:24"]

1. c4 g5 2. d4 h6 3. Nc3 Bg7 4. e4 d6 5. Be2 Nc6 6. Be3 e5 7. dxe5 Nxe5 8. h4 gxh4 9. f4 Ng6 10. Nf3 Nf6 11. Qd2 Ng4 12. Bg1 Bd7 13. O-O-O Bc6 14. Nd4 Bd7 15. Nf5 Bf6 16. Bxg4 Nxf4 17. Be3 Ne6 18. Nd5 Be5 19. Kb1 h5 20. Bh3 Bc6 21. Nd4 Bd7 22. Rhf1 Nc5 23. Nc3 Bxh3 24. gxh3 Qd7 25. Bg5 Qxh3 26. Ncb5 Qd7 27. Qf2 Nxe4 28. Qg2 Ng3 29. Qxb7 Rc8 30. Nxa7 Nxf1 31. Nxc8 Ne3 32. Bxe3 O-O 33. Nc2 Rxc8 34. Qg2+ Bg3 35. Bf2 Qg4 36. Rg1 Re8 37. Bxg3 hxg3 38. Qxg3 Qxg3 39. Rxg3+ Kh7 40. Rf3 Kg6 41. Nd4 h4 42. Nf5 Rh8 43. Nxh4+ Rxh4 44. b3 c6 45. a4 d5 46. cxd5 cxd5 47. Ka2 f5 48. a5 Kf6 49. b4 Ke6 50. Rb3 Kd6 51. a6 Kc7 52. Ka3 Kb6 53. Rf3 Kxa6 54. Ka4 f4 55. Rd3 Rh5 56. Rd4 Rf5 57. b5+ Kb6 58. Rd2 f3 59. Rf2 Rf4+ 60. Kb3 Kxb5 61. Kc3 d4+ 62. Kd3 Kc5 63. Rc2+ Kd5 64. Rf2 Rf8 65. Rf1 f2 66. Ke2 Ke4 67. Kd2 Kf3 68. Rh1 Kg2 69. Rh7 f1=Q 70. Rg7+ Kf3 0-1


[Site "https://www.chess.com"]

[Event "Titled Tuesday Blitz November 15 Late 2022"]
[White "Svane, Rasmus"]
[Black "Zhigalko, Sergei"]
[WhiteFideId "4657101"]
[BlackFideId "13502956"]
[WhiteElo "2674"]
[BlackElo "2662"]
[Result "1-0"]
[Round "08"]
[TimeControl "180+1"]
[Date "2022.11.15"]
[WhiteClock "0:00:15"]
[BlackClock "0:00:01"]

1. Nf3 d5 2. g3 Nf6 3. Bg2 Bf5 4. c4 c6 5. Qb3 Qc8 6. O-O e6 7. d3 Nbd7 8. cxd5 exd5 9. Nc3 Be7 10. Qc2 h6 11. e4 dxe4 12. dxe4 Bh7 13. Be3 O-O 14. h3 Re8 15. Rfe1 Bb4 16. Nd2 Nc5 17. Bd4 Ncd7 18. a3 Bc5 19. Nb3 Bxd4 20. Nxd4 Qc7 21. Re3 Rad8 22. Rae1 Ne5 23. Nb3 Qb6 24. R3e2 Nd3 25. Rd1 Ne5 26. Rde1 Nd3 27. Rd1 Ne5 28. Rf1 Rd3 29. Kh1 Red8 30. Nc1 R3d7 31. Rfe1 Nh5 32. Na4 Qb5 33. Nc5 Rd4 34. b4 a5 35. N5b3 Rc4 36. Qb2 a4 37. Nc5 b6 38. Qxe5 bxc5 39. Qxh5 Rxc1 40. Rxc1 Bg6 41. Qf3 cxb4 42. axb4 Qxb4 43. Qc3 Qb5 44. Rb2 Qa6 45. Qxc6 Qa7 46. Qc7 Qa8 47. Ra2 Rd4 48. Qc8+ 1-0


[Site "https://www.chess.com"]

[Event "Titled Tuesday Blitz November 15 Late 2022"]
[White "Tan, Ralph"]
[Black "Paiva, Henrique M A Albergaria"]
[WhiteFideId "30966590"]
[BlackFideId "1920995"]
[WhiteElo "2059"]
[BlackElo "1953"]
[Result "1-0"]
[Round "08"]
[TimeControl "180+1"]
[Date "2022.11.16"]
[WhiteClock "0:00:13"]
[BlackClock "0:01:02"]

1. Nf3 d5 2. g3 Nf6 3. Bg2 Bf5 4. O-O Nbd7 5. d4 e6 6. Nh4 Bg4 7. h3 Bh5 8. g4 Bg6 9. Nxg6 hxg6 10. Bf4 Bd6 11. Bxd6 cxd6 12. Nd2 Qb6 13. Nb3 Rc8 14. c3 a5 15. a4 Qc7 16. Nd2 Nb6 17. e4 dxe4 18. Nxe4 Nxe4 19. Bxe4 d5 20. Bg2 Nc4 21. Qe2 O-O 22. f4 Rfe8 23. Rf2 Nd6 24. Raf1 f5 25. Qe5 Ne4 26. Bxe4 dxe4 27. Rd1 Qxe5 28. fxe5 Kf7 29. d5 exd5 30. gxf5 gxf5 31. Rxf5+ Ke6 32. Rg5 Re7 33. Kf2 Rf8+ 34. Ke3 Rf5 35. Rdg1 Rf3+ 36. Kd4 Rd3+ 37. Kc5 Rc7+ 38. Kb6 Rc6+ 39. Kxb7 Rc4 40. Rh5 Rd2 41. Rg6+ Kf7 42. Rb6 e3 43. e6+ Kg6 44. Re5 Re4 45. e7+ Kh7 46. e8=Q e2 47. Rxe4 dxe4 48. Qxe4+ 1-0


[Site "https://www.chess.com"]

[Event "Titled Tuesday Blitz November 15 Late 2022"]
[White "Tanenbaum, Zachary"]
[Black "Premnath, R."]
[WhiteFideId "2060850"]
[BlackFideId "5021928"]
[WhiteElo "2733"]
[BlackElo "2559"]
[Result "1-0"]
[Round "08"]
[TimeControl "180+1"]
[Date "2022.11.16"]
[WhiteClock "0:00:14"]
[BlackClock "0:00:05"]

1. e4 c5 2. Nf3 d6 3. d4 cxd4 4. Nxd4 Nf6 5. Nc3 g6 6. Be3 Bg7 7. f3 O-O 8. Qd2 Nc6 9. g4 Bxg4 10. fxg4 Nxg4 11. Nb3 e6 12. O-O-O a5 13. Bb5 Nxe3 14. Qxe3 Qh4 15. Kb1 Rfd8 16. Rhf1 Ne5 17. h3 h5 18. Qb6 a4 19. Nxa4 Qxe4 20. Nc3 Qg2 21. Rxd6 Rxd6 22. Qxd6 Qxh3 23. Qc7 Qg2 24. a4 h4 25. Nc5 Nf3 26. N3e4 h3 27. Qxb7 Rf8 28. Nf6+ Bxf6 29. Qxf3 Bd4 30. Nd7 Kg7 31. Nxf8 Qxf3 32. Rxf3 h2 33. Nxe6+ fxe6 34. Rh3 Be5 35. Bc6 g5 36. a5 Kf6 37. a6 g4 38. Rh5 Bd4 39. Rxh2 Kg5 40. Rd2 Bc5 41. Rd7 g3 42. a7 Bxa7 43. Rxa7 1-0


[Site "https://www.chess.com"]

[Event "Titled Tuesday Blitz November 15 Late 2022"]
[White "Tang, Andrew"]
[Black "Chigaev, Maksim"]
[WhiteFideId "2059630"]
[BlackFideId "4108116"]
[WhiteElo "2581"]
[BlackElo "2541"]
[Result "0-1"]
[Round "08"]
[TimeControl "180+1"]
[Date "2022.11.15"]
[WhiteClock "0:00:02"]
[BlackClock "0:00:03"]

1. d4 Nf6 2. c4 g6 3. f3 d5 4. cxd5 Nxd5 5. e4 Nb6 6. Nc3 Bg7 7. Be3 O-O 8. Qd2 e5 9. d5 c6 10. h4 cxd5 11. exd5 h5 12. g4 Na6 13. gxh5 Bf5 14. h6 Bf6 15. Bg5 Nb4 16. Ne4 Bxg5 17. hxg5 N4xd5 18. Ne2 Qe7 19. N2g3 Rad8 20. Rc1 Kh8 21. a3 Nf4 22. Qb4 Qe6 23. Rh2 Nbd5 24. Qb3 b6 25. Rd1 Bxe4 26. Nxe4 Nc7 27. Rxd8 Rxd8 28. Qc3 Ncd5 29. Qc1 f6 30. Rd2 fxg5 31. Qc4 Qe7 32. Qc6 g4 33. Bc4 Qh4+ 34. Kd1 Ne3+ 0-1


[Site "https://www.chess.com"]

[Event "Titled Tuesday Blitz November 15 Late 2022"]
[White "Toncheva, Nadya"]
[Black "Rorrer, Grayson"]
[WhiteFideId "2924056"]
[BlackFideId "30944996"]
[WhiteElo "2101"]
[BlackElo "2130"]
[Result "0-1"]
[Round "08"]
[TimeControl "180+1"]
[Date "2022.11.16"]
[WhiteClock "0:00:02"]
[BlackClock "0:00:13"]

1. e4 c5 2. c3 d5 3. exd5 Qxd5 4. d4 Nf6 5. Nf3 Bg4 6. Be2 e6 7. Be3 cxd4 8. cxd4 Nc6 9. Nc3 Qa5 10. O-O Bd6 11. h3 Bh5 12. Re1 O-O 13. Qd2 Rad8 14. Rad1 Be7 15. Ng5 Bxe2 16. Qxe2 h6 17. Nf3 Rd7 18. Nd2 Rfd8 19. Nb3 Qc7 20. Qf3 Nd5 21. Ne4 b6 22. Rc1 Qb7 23. Qg4 Kh7 24. Qh5 Nxe3 25. fxe3 Nb4 26. Nf2 g6 27. Qe2 Nxa2 28. Ra1 Nb4 29. Ng4 Nc6 30. Rac1 h5 31. Rf1 hxg4 32. Rxf7+ Kg8 33. Rcf1 Bg5 34. Rxd7 Qxd7 35. Qxg4 Bxe3+ 36. Kh1 Kg7 37. Rf3 Bxd4 38. Rd3 e5 39. Qe4 Qe6 40. Nxd4 Nxd4 41. Qb7+ Rd7 42. Qe4 Qf5 0-1


[Site "https://www.chess.com"]

[Event "Titled Tuesday Blitz November 15 Late 2022"]
[White "Torres Dominguez, David"]
[Black "Chirilov, James A"]
[WhiteFideId "2220857"]
[BlackFideId "30976677"]
[WhiteElo "2037"]
[BlackElo "1790"]
[Result "0-1"]
[Round "08"]
[TimeControl "180+1"]
[Date "2022.11.16"]
[WhiteClock "0:00:04"]
[BlackClock "0:01:11"]

1. e4 c5 2. Nf3 d6 3. d4 cxd4 4. Nxd4 Nf6 5. Nc3 a6 6. f4 e5 7. Nf3 Qc7 8. a4 Be7 9. Bd3 Nc6 10. O-O O-O 11. Kh1 exf4 12. Bxf4 Ne5 13. Nd4 Re8 14. Bg5 Be6 15. Nf5 Bd8 16. Bxf6 Bxf6 17. Nd5 Bxd5 18. exd5 Qc5 19. Qh5 Nxd3 20. cxd3 Re5 21. Qg4 Qxd5 22. Nh6+ Kh8 23. Nf5 Rae8 24. h3 Re2 25. Rf3 Re1+ 26. Rf1 Rxa1 27. Rxa1 h6 28. Rf1 Qe5 29. Rf3 Rc8 30. Rf1 Rc2 0-1


[Site "https://www.chess.com"]

[Event "Titled Tuesday Blitz November 15 Late 2022"]
[White "Tristan, Leonardo"]
[Black "Aguilar, Juan"]
[WhiteFideId "113816"]
[BlackFideId "3800091"]
[WhiteElo "2723"]
[BlackElo "2466"]
[Result "1-0"]
[Round "08"]
[TimeControl "180+1"]
[Date "2022.11.16"]
[WhiteClock "0:01:14"]
[BlackClock "0:01:07"]

1. d4 Nf6 2. Nf3 g6 3. Bf4 Bg7 4. e3 O-O 5. Be2 d6 6. O-O c5 7. c3 Qb6 8. Nbd2 Nc6 9. dxc5 dxc5 10. Nc4 Qd8 11. Qb3 Be6 12. Qxb7 Bd5 13. Qb5 Ne4 14. Rfd1 e6 15. Ncd2 Nxd2 16. Rxd2 Qb6 17. Qxb6 axb6 18. c4 Be4 19. Ng5 Bf5 20. g4 h6 21. Nxf7 Rxf7 22. gxf5 gxf5 23. Bf3 Rc8 24. Rd6 e5 25. Rxc6 Rxc6 26. Bxc6 Rc7 27. Bd5+ Kf8 28. Bg3 1-0


[Site "https://www.chess.com"]

[Event "Titled Tuesday Blitz November 15 Late 2022"]
[White "Tsydypov, Zhamsaran"]
[Black "Eljanov, Pavel"]
[WhiteFideId "4108566"]
[BlackFideId "14102951"]
[WhiteElo "2591"]
[BlackElo "2601"]
[Result "1-0"]
[Round "08"]
[TimeControl "180+1"]
[Date "2022.11.15"]
[WhiteClock "0:01:51"]
[BlackClock "0:00:43"]

1. e4 e5 2. Nf3 Nc6 3. Bc4 Bc5 4. d3 Nf6 5. h3 O-O 6. Bg5 h6 7. Bh4 Be7 8. Nbd2 d6 9. c3 Na5 10. Bb5 a6 11. Ba4 c5 12. g4 b5 13. Bc2 Be6 14. Rg1 Nh7 15. Bxe7 Qxe7 16. h4 f6 17. Nf1 d5 18. Ne3 dxe4 19. dxe4 Rad8 20. Qe2 Nc4 21. Nd5 Qf7 22. O-O-O Rd7 23. b3 Na3 24. g5 fxg5 25. Nxe5 Qxf2 26. Bd3 Qxe2 27. Bxe2 Rdd8 28. Ne7+ 1-0


[Site "https://www.chess.com"]

[Event "Titled Tuesday Blitz November 15 Late 2022"]
[White "Urazayev, Arystanbek"]
[Black "Wadsworth, Matthew J"]
[WhiteFideId "13709810"]
[BlackFideId "415804"]
[WhiteElo "2441"]
[BlackElo "2367"]
[Result "1-0"]
[Round "08"]
[TimeControl "180+1"]
[Date "2022.11.15"]
[WhiteClock "0:02:28"]
[BlackClock "0:00:06"]

1. e4 c5 2. Nf3 e6 3. c3 d5 4. exd5 Qxd5 5. d4 Nf6 6. Bd3 Nc6 7. O-O cxd4 8. cxd4 Be7 9. Nc3 Qd8 10. a3 O-O 11. Bc2 b6 12. Qd3 Bb7 13. Bg5 g6 14. Rad1 Rc8 15. Rfe1 Re8 16. Ba4 Nd5 17. Nxd5 Qxd5 18. Bb3 Qf5 19. Qxf5 gxf5 20. d5 Na5 21. Ba4 Bxg5 22. Bxe8 Bf6 23. Bd7 Rd8 24. dxe6 fxe6 25. Bxe6+ Kg7 26. Rxd8 Bxd8 27. Bxf5 Nc4 28. Rd1 Bxf3 29. Rxd8 Bc6 30. Rc8 Bd5 31. Rc7+ Kf6 32. Bxh7 Nxb2 33. Rxa7 Nc4 34. h4 Nxa3 35. Rxa3 1-0


[Site "https://www.chess.com"]

[Event "Titled Tuesday Blitz November 15 Late 2022"]
[White "Vargas, Mauricio"]
[Black "Stanisz, Patryk"]
[WhiteFideId "4404572"]
[BlackFideId "1123106"]
[WhiteElo "2025"]
[BlackElo "2069"]
[Result "0-1"]
[Round "08"]
[TimeControl "180+1"]
[Date "2022.11.16"]
[WhiteClock "0:00:02"]
[BlackClock "0:01:39"]

1. e4 c5 2. Nc3 Nc6 3. f4 g6 4. Nf3 Rb8 5. Bb5 Nd4 6. Bf1 Bg7 7. d3 b5 8. g3 b4 9. Nd5 d6 10. Bg2 Bg4 11. O-O Nf6 12. Ne3 Bxf3 13. Bxf3 Nxf3+ 14. Rxf3 Nd7 15. f5 Ne5 16. Rf1 Bf6 17. fxg6 hxg6 18. Nd5 Bg7 19. Bg5 Nc6 20. Qf3 O-O 21. Rae1 Qd7 22. b3 Rb7 23. Ne3 Bd4 24. Kg2 Ne5 25. Qe2 Bc3 26. Rd1 Kg7 27. Nd5 Rh8 28. h4 Qe6 29. Bxe7 Rxe7 30. Nxe7 Qxe7 31. Rh1 a5 32. Rdf1 Qe6 33. h5 Qg4 34. Qxg4 Nxg4 35. hxg6 Ne3+ 36. Kf2 Nxf1 37. Rxf1 fxg6 38. Kg2 Rf8 39. Rh1 Bd4 40. g4 Rf2+ 41. Kg3 Rxc2 42. Rf1 Be5+ 43. Kf3 Rxa2 44. Ke3 Bd4+ 45. Kf3 Rb2 46. Kg3 Rxb3 47. Ra1 Rxd3+ 48. Kf4 Be5+ 49. Kg5 Bf6+ 50. Kf4 Bxa1 0-1


[Site "https://www.chess.com"]